 Dungeon Crawl Stone Soup version 0.25.0-9-g26727b657a (webtiles) character file.

Game seed: 13382085573060740897

74 FNK404 the Ruffian (level 4, -1/36 HPs)
             Began as a Draconian Transmuter on June 17, 2020.
             Slain by a gnoll
             ... wielding a +0 spear
              (3 damage)
             ... on level 3 of the Dungeon.
             The game lasted 00:09:55 (2300 turns).

FNK404 the Ruffian (Draconian Transmuter)           Turns: 2300, Time: 00:09:55

Health: -1/36      AC:  5    Str: 13    XL:     4   Next: 9%
Magic:  7/7        EV: 12    Int: 13    God:
Gold:   133        SH:  0    Dex: 12    Spells: 6/7 levels left

rFire    . . .     SeeInvis .     - Unarmed
rCold    . . .     Gourm    .   (no shield)
rNeg     . . .     Faith    .   (armour unavailable)
rPois    .         Spirit   .   (helmet restricted)
rElec    .         Reflect  .   (no cloak)
rCorr    .         Harm     .   (no gloves)
MR       .....                  (no boots)
Stlth    +.........             (no amulet)
HPRegen  0.12/turn              (no ring)
MPRegen  0.10/turn              (no ring)

@: no status effects
A: unfitting armour, cold-blooded, AC +5
a: no special abilities


You were on level 3 of the Dungeon.
You were very full.

You visited 1 branch of the dungeon, and saw 3 of its levels.

You collected 133 gold pieces.

Inventory:

Missiles
 a - 31 arrows
Scrolls
 b - a scroll of identify
 e - a scroll of enchant weapon
Potions
 d - a potion of ambrosia {unknown}
 g - a potion of stabbing {unknown}
 h - a potion of flight {unknown}
 i - a potion of might {unknown}
 j - a potion of haste {unknown}
 k - 2 potions of curing {unknown}


   Skills:
 * Level 2.0 Fighting
 + Level 2.2 Dodging
 + Level 4.1 Unarmed Combat
 - Level 2.0 Spellcasting
 + Level 2.4 Transmutations


You had 6 spell levels left.
You knew the following spells:

 Your Spells              Type           Power        Failure   Level  Hunger
a - Beastly Appendage     Tmut           #.....       10%         1    ##.....

Your spell library contained the following spells:

 Spells                   Type           Power        Failure   Level  Hunger
 Sticks to Snakes         Tmut           #.......     14%         2    ###....
 Spider Form              Tmut/Pois      #.........   43%         3    ####...
 Ice Form                 Ice/Tmut       #.......     83%         4    #####..
 Blade Hands              Tmut           #.........   95%         5    ######.


Dungeon Overview and Level Annotations

Branches:
Dungeon (3/15)

Altars:


Innate Abilities, Weirdness & Mutations

Your plain brown scales are hard. (AC +5)
You cannot fit into any form of body armour.
You are cold-blooded and may be slowed by cold attacks.


Message History

Done exploring.
Done exploring.
Done exploring.
Done exploring.
Done exploring.
Done exploring.
Done exploring.
You climb downwards.
The gnoll hits you with a +0 club.
There is a stone staircase leading up here.
The gnoll barely misses you. The gnoll hits you with a +0 flail!
The gnoll hits you from afar with a +0 spear!
The gnoll closely misses you.
The gnoll hits you from afar with a +0 spear.
* * * LOW HITPOINT WARNING * * *
There is a stone staircase leading up here.
The gnoll hits you but does no damage. The gnoll hits you with a +0 flail.
* * * LOW HITPOINT WARNING * * *
The gnoll hits you from afar with a +0 spear.
You die...

##.....#.....###
#.....##)......
#.#...........#
#.#.........#.###
#.#)............#
#........#.#.....
#...>........# ###
#..g.....#.#####...#
#..@gg...#.###......
##########g#.g.#
#...g.#......
#.....#......
#....##...... #....#
...... ###### .....#
.....# ######


You could see 3 gnolls.

Vanquished Creatures
  3 adders (D:2)
  An ooze (D:2)
  A worm (D:2)
  2 dart slugs
  2 leopard geckos (D:2)
  An orc (D:3)
  2 giant cockroaches
  6 goblins
  3 hobgoblins
  2 jackals (D:2)
  A quokka (D:2)
  2 bats (D:2)
  A frilled lizard (D:1)
  3 kobolds
  A rat (D:2)
31 creatures vanquished.

Notes
Turn   | Place    | Note
-------+----------+-------------------------------------------
     0 | D:1      | FNK404 the Draconian Transmuter began the quest for the
                  | Orb.
     0 | D:1      | Reached XP level 1. HP: 16/16 MP: 3/3
   255 | D:1      | Reached XP level 2. HP: 16/23 MP: 5/5
   676 | D:2      | Reached XP level 3. HP: 17/28 MP: 4/6
  1112 | D:2      | Reached skill level 4 in Unarmed Combat
  1614 | D:2      | Reached XP level 4. HP: 34/36 MP: 7/7
  2300 | D:3      | Slain by a gnoll

Illustrated notes

Levels and vault maps discovered:
D:1:      nzn_arrival_settlement, layout_rooms
D:2:      layout_basic, kennysheep_decorative_pillar, roderic_malta_cross
D:3:      layout_rooms, grunt_temple_overflow_diamond, tso_altar

Skill      XL: |  1  2  3  4 |
---------------+-------------+-----
Dodging        | 2 |  2.2
Unarmed Combat | 4 |  4.1
Fighting       | 2 |  2.0
Spellcasting   | |  2.0
Transmutations | |  2.4

Action                   |  1- 3 |  4- 6 || total
-------------------------+-------+-------++-------
Melee: Unarmed           |   132 |    23 ||   155
       Kick              |     5 |       ||     5
       Tailslap          |     9 |     5 ||    14
       Headbutt          |     1 |       ||     1
       Punch             |     1 |       ||     1
 Cast: Beastly Appendage |    12 |       ||    12
  Use: Scroll            |     1 |     2 ||     3
  Eat: Chunk             |     2 |       ||     2
       Ration            |       |     3 ||     3
Armor: Skin              |    63 |     4 ||    67
Dodge: Dodged            |    98 |    18 ||   116
